 Dungeon Crawl Stone Soup version 0.29.1-2-gbd0b4ee654 (webtiles) character file.

Game seed: 15315291898795277479

78 MisterFreud the Covert (level 4, -2/41 HPs)
             Began as a Gnoll Delver on Nov 20, 2022.
             Slain by a gnoll
             ... wielding a +0 whip
              (7 damage)
             ... on level 3 of the Dungeon.
             The game lasted 00:02:05 (1021 turns).

MisterFreud the Covert (Gnoll Delver)               Turns: 1021, Time: 00:02:06

Health: -2/41      AC:  3    Str: 11    XL:     4   Next: 36%
Magic:  5/5        EV: 13    Int: 12    God:
Gold:   50         SH:  0    Dex: 13    Spells: 5/5 levels left

rFire   . . .      SeeInvis .   a - +0 short sword
rCold   . . .      Faith    .   (no shield)
rNeg    . . .      Spirit   .   b - +0 leather armour
rPois   .          Reflect  .   (no helmet)
rElec   .          Harm     .   (no cloak)
rCorr   .          Rampage  .   (no gloves)
Will    .....                   (no boots)
Stlth   ++++......              (no amulet)
HPRegen 0.13/turn               (no ring)
MPRegen 0.09/turn               (no ring)

@: no status effects
A: fangs 1, strong nose, distributed training
a: no special abilities


You were on level 3 of the Dungeon.
You visited 1 branch of the dungeon, and saw 4 of its levels.

You collected 50 gold pieces.

Inventory:

Hand Weapons
 a - a +0 short sword (weapon)
 h - a +0 quarterstaff
 i - a +0 war axe of electrocution
Missiles
 l - a boomerang (quivered)
Armour
 b - a +0 leather armour (worn)
Jewellery
 m - a ring of see invisible
Wands
 g - a wand of digging (3)
Scrolls
 c - a scroll of fog
 d - a scroll of magic mapping
 e - a scroll of fear
 k - a scroll of torment {unknown}
 o - 2 scrolls of enchant weapon {unknown}
Potions
 f - a potion of haste
 n - a potion of magic {unknown}


   Skills:
 + Level 6.6 Fighting
 + Level 4.6 Short Blades
 + Level 1.2 Long Blades
 + Level 1.2 Axes
 + Level 1.2 Maces & Flails
 + Level 1.2 Polearms
 + Level 1.2 Staves
 + Level 1.2 Ranged Weapons
 + Level 1.2 Throwing
 + Level 1.2 Armour
 + Level 4.6 Dodging
 + Level 9.6 Stealth
 + Level 1.2 Shields
 + Level 1.2 Unarmed Combat
 + Level 1.2 Spellcasting
 + Level 1.0 Conjurations
 + Level 1.0 Hexes
 + Level 1.0 Summonings
 + Level 1.0 Necromancy
 + Level 1.0 Translocations
 + Level 1.0 Transmutations
 + Level 1.0 Fire Magic
 + Level 1.0 Ice Magic
 + Level 1.0 Air Magic
 + Level 1.0 Earth Magic
 + Level 1.0 Poison Magic
 + Level 1.3 Invocations
 + Level 1.2 Evocations


You had 5 spell levels left.
You didn't know any spells.
Your spell library was empty.

Dungeon Overview and Level Annotations

Branches:
Dungeon (6/15)
 Temple: D:4-7

Altars:


Innate Abilities, Weirdness & Mutations

You have very sharp teeth.
Your uncanny sense of smell can sniff out nearby items.
Your experience applies equally to all skills.


Message History

You hit the giant cockroach.
You kill the giant cockroach!
The gnoll barely misses you.
Your Conjurations skill increases to level 1!
Your Hexes skill increases to level 1!
Your Summonings skill increases to level 1!
Your Necromancy skill increases to level 1!
Your Translocations skill increases to level 1!
Your Transmutations skill increases to level 1!
Your Fire Magic skill increases to level 1!
Your Ice Magic skill increases to level 1!
Your Air Magic skill increases to level 1!
Your Earth Magic skill increases to level 1!
Your Poison Magic skill increases to level 1!
The gnoll attacks as you move away! The gnoll closely misses you.
Unknown command.
The gnoll attacks as you move away! The gnoll hits you with a +0 whip.
* * * LOW HITPOINT WARNING * * *
The gnoll attacks as you move away! The gnoll barely misses you.
The gnoll attacks as you move away! The gnoll closely misses you.
The gnoll attacks as you move away! The gnoll misses you.
The gnoll attacks as you move away! The gnoll hits you with a +0 whip.
* * * LOW HITPOINT WARNING * * *
An iguana comes into view.
The iguana hisses angrily.
The gnoll attacks as you move away! The gnoll barely misses you.
The gnoll attacks as you move away! The gnoll barely misses you.
There is a stone staircase leading up here.
The gnoll hits you with a +0 whip.
* * * LOW HITPOINT WARNING * * *
You climb upwards.
There is a stone staircase leading down here.
You hit the gnoll.
The gnoll is moderately wounded.
The gnoll hits you with a +0 whip.
* * * LOW HITPOINT WARNING * * *
You hit the gnoll but do no damage. You bite the gnoll.
The gnoll is moderately wounded.
The gnoll hits you with a +0 whip!
You die...

# # # # #
#########
#######.......####
'.....'..)......@#
#######.......##g#
# #.......#.... #
#...[...#..### #
#########..# ####
#..# .... #..#
.... #..# ####


You could see a gnoll.

Vanquished Creatures
  2 hound zombies (D:4)
  A gnoll (D:3)
  An adder (D:5)
  2 adder zombies (D:4)
  An adder skeleton (D:4)
  3 orcs
  A bat (D:3)
  A giant cockroach (D:4)
  A goblin (D:3)
  4 jackals (D:3)
  A kobold (D:3)
  A quokka zombie (D:4)
19 creatures vanquished.

Vanquished Creatures (others)
  5 withered plants (D:4)
5 creatures vanquished.

Grand Total: 24 creatures vanquished

Notes
Turn   | Place    | Note
-------+----------+-------------------------------------------
     0 | D:5      | Reached skill level 9 in Stealth
     0 | D:5      | MisterFreud the Gnoll Delver began the quest for the Orb.
     0 | D:5      | Reached XP level 1. HP: 23/23 MP: 1/1
    36 | D:5      | Reached XP level 2. HP: 15/29 MP: 2/2
   335 | D:4      | Noticed an ogre
   499 | D:4      | Reached XP level 3. HP: 26/35 MP: 2/4
   580 | D:4      | Reached skill level 1 in Long Blades
   580 | D:4      | Reached skill level 1 in Axes
   580 | D:4      | Reached skill level 1 in Maces & Flails
   580 | D:4      | Reached skill level 1 in Polearms
   580 | D:4      | Reached skill level 1 in Staves
   580 | D:4      | Reached skill level 1 in Ranged Weapons
   580 | D:4      | Reached skill level 1 in Throwing
   580 | D:4      | Reached skill level 1 in Armour
   580 | D:4      | Reached skill level 1 in Shields
   580 | D:4      | Reached skill level 1 in Unarmed Combat
   580 | D:4      | Reached skill level 1 in Spellcasting
   580 | D:4      | Reached skill level 1 in Invocations
   580 | D:4      | Reached skill level 1 in Evocations
   754 | D:3      | Reached XP level 4. HP: 40/41 MP: 5/5
   981 | D:4      | Noticed an ice beast
   986 | D:4      | HP: 1/41 [gnoll/+0 whip (4)]
  1003 | D:4      | Reached skill level 1 in Conjurations
  1003 | D:4      | Reached skill level 1 in Hexes
  1003 | D:4      | Reached skill level 1 in Summonings
  1003 | D:4      | Reached skill level 1 in Necromancy
  1003 | D:4      | Reached skill level 1 in Translocations
  1003 | D:4      | Reached skill level 1 in Transmutations
  1003 | D:4      | Reached skill level 1 in Fire Magic
  1003 | D:4      | Reached skill level 1 in Ice Magic
  1003 | D:4      | Reached skill level 1 in Air Magic
  1003 | D:4      | Reached skill level 1 in Earth Magic
  1003 | D:4      | Reached skill level 1 in Poison Magic
  1021 | D:3      | Slain by a gnoll

Illustrated notes

Levels and vault maps discovered:
D:3:      layout_basic, reono_crystal_passage
D:4:      layout_loops_ring, old_standard_altar, mainiacjoe_overflow_brackets,
          chequers_temple_overflow_statue_of_worship,
          minmay_temple_entry_statues_fountains, serial_undead, serial_undead_a,
          serial_undead_f, serial_undead_e, serial_undead_a, serial_undead_d,
          serial_undead_b, serial_undead_a, serial_undead_f
D:5:      layout_basic, marbit_many_paths
D:6:      layout_rooms, zin_statuary

Skill      XL: |  1  2  3  4 |
---------------+-------------+-----
Stealth        | |  9.6
Long Blades    | 1 |  1.2
Axes           | 1 |  1.2
Maces & Flails | 1 |  1.2
Polearms       | 1 |  1.2
Staves         | 1 |  1.2
Ranged Weapons | 1 |  1.2
Throwing       | 1 |  1.2
Armour         | 1 |  1.2
Shields        | 1 |  1.2
Unarmed Combat | 1 |  1.2
Spellcasting   | 1 |  1.2
Invocations    | 1 |  1.3
Evocations     | 1 |  1.2
Conjurations   | 1 |  1.0
Hexes          | 1 |  1.0
Summonings     | 1 |  1.0
Necromancy     | 1 |  1.0
Translocations | 1 |  1.0
Transmutations | 1 |  1.0
Fire Magic     | 1 |  1.0
Ice Magic      | 1 |  1.0
Air Magic      | 1 |  1.0
Earth Magic    | 1 |  1.0
Poison Magic   | 1 |  1.0
Fighting       | |  6.6
Short Blades   | |  4.6
Dodging        | |  4.6

Action                   |  1- 3 |  4- 6 || total
-------------------------+-------+-------++-------
Melee: Short sword       |    69 |    39 ||   108
       Bite              |     4 |     5 ||     9
  Use: Potion            |       |     1 ||     1
 Stab: Sleeping          |     2 |       ||     2
Armor: Leather armour    |    17 |     7 ||    24
Dodge: Dodged            |    42 |    44 ||    86
